 Dungeon Crawl Stone Soup version 0.28-a0-1236-gb25a51b929 (webtiles) character file.

Game seed: 3825248832086745176

25466 flotson the Fighter (level 12, -8/96 HPs)
             Began as a Demonspawn Gladiator on Dec 25, 2021.
             Was an Initiate of Gozag.
             Mangled by Rupert (10 damage)
             ... while paralysed by Rupert
             ... on level 3 of the Lair of Beasts.
             The game lasted 00:58:46 (26739 turns).

flotson the Fighter (Demonspawn Gladiator)         Turns: 26739, Time: 00:58:49

Health: -8/96      AC: 17    Str: 22    XL:     12   Next: 89%
Magic:  12/12      EV:  2    Int:  9    God:    Gozag
Gold:   2244       SH:  0    Dex: 17    Spells: 11/11 levels left

rFire   + . .      SeeInvis .   a - +8 flail "Oxuis" {flame, Dex+2}
rCold   . . .      Faith    .   A - +0 tower shield
rNeg    . . .      Spirit   .   F - +2 chain mail {rF+}
rPois   .          Reflect  .   (helmet unavailable)
rElec   .          Harm     .   w - +0 cloak
rCorr   +          Rampage  .   e - +0 pair of gloves
Will    .....                   (no boots)
Stlth   ..........              i - amulet of the acrobat
HPRegen 0.26/turn               y - +4 ring of evasion
MPRegen 0.13/turn               P - ring of resist corrosion

@: paralysed, lethally poisoned (-8 -> -34), hasted
A: horns 3, thin metallic scales 1, condensation shield, strong 1
a: Renounce Religion, Potion Petition, Call Merchant, Bribe Branch


You were on level 3 of the Lair of Beasts.
You worshipped Gozag.
Gozag was most pleased with you.
You visited 2 branches of the dungeon, and saw 14 of its levels.
You also visited: Bailey.

You collected 3021 gold pieces.
You spent 696 gold pieces at shops.
You paid 81 gold pieces to Gozag.

Inventory:

Hand Weapons
 a - the +8 flail "Oxuis" (weapon) {flame, Dex+2}
   (You bought it in a shop on level 4 of the Dungeon)

   It burns those it strikes, dealing additional fire damage.
   Dex:       It affects your dexterity (+2).
 b - a +0 hunting sling
 K - a +0 trident
 R - a +0 antimagic war axe
Missiles
 l - 72 sling bullets
 v - 10 boomerangs
 z - 2 poisoned darts
 I - 23 javelins
 U - a throwing net (quivered)
Armour
 e - a +0 pair of gloves (worn)
 w - a +0 cloak (worn)
 A - a +0 tower shield (worn)
 F - a +2 chain mail of fire resistance (worn)
Jewellery
 d - a ring of ice
 i - an amulet of the acrobat (around neck)
 y - a +4 ring of evasion (left hand)
 G - a ring of protection from fire
 O - a ring of fire
 P - a ring of resist corrosion (right hand)
Wands
 g - a wand of iceblast (1)
 r - a wand of flame (36)
 s - a wand of digging (6)
 M - a wand of mindburst (2)
Scrolls
 h - a scroll of amnesia
 m - a scroll of blinking
 n - 3 scrolls of vulnerability
 p - 2 scrolls of magic mapping {unknown}
 u - 4 scrolls of fog
 B - 2 scrolls of fear
 C - a scroll of holy word {unknown}
 D - a scroll of acquirement {unknown}
 E - a scroll of teleportation {unknown}
 H - a scroll of enchant weapon {unknown}
 L - 2 scrolls of enchant armour
 S - a scroll of silence {unknown}
Potions
 c - 2 potions of flight
 f - a potion of haste
 j - 2 potions of lignification
 k - 10 potions of curing
 o - 2 potions of invisibility
 q - 3 potions of cancellation
 t - 7 potions of attraction
 x - 2 potions of might
 J - a potion of berserk rage
 N - a potion of mutation
 Q - 7 potions of ambrosia
 T - a potion of brilliance {unknown}
 V - a potion of resistance {unknown}


   Skills:
 + Level 9.4 Fighting
 + Level 7.2 Maces & Flails
 + Level 8.6 Throwing
 + Level 8.3 Armour
 + Level 8.9 Dodging
 + Level 6.4 Shields
 + Level 7.5 Evocations


You had 11 spell levels left.
You didn't know any spells.
Your spell library contained the following spells:

 Spells                   Type           Power      Damage    Failure   Level
 Beastly Appendage        Tmut           0%         N/A       100%        1
 Foxfire                  Conj/Fire      0%         2x1d4     100%        1
 Slow                     Hex            0%         N/A       100%        1
 Scorch                   Fire           0%         2d5       100%        2
 Sublimation of Blood     Necr           0%         N/A       100%        2
 Wereblood                Tmut           0%         N/A       100%        2
 Confusing Touch          Hex            0%         N/A       100%        3
 Conjure Flame            Conj/Fire      0%         6-21      100%        3
 Inner Flame              Hex/Fire       0%         N/A       100%        3
 Spider Form              Tmut/Pois      0%         N/A       100%        3
 Tukima's Dance           Hex            0%         N/A       100%        3
 Vampiric Draining        Necr           0%         2d6       100%        3
 Flame Wave               Conj/Fire      0%         2d4       100%        4
 Passage of Golubria      Tloc           0%         N/A       100%        4
 Yara's Violent Unravell  Hex/Tmut       0%         3d3       100%        5
 Summon Cactus Giant      Summ           0%         N/A       100%        6
 Summon Hydra             Summ           0%         N/A       100%        7


Dungeon Overview and Level Annotations

Branches:
Dungeon (11/15)            Temple (0/1) D:6            Lair (3/6) D:11
  Swamp (0/4) Lair:2        Snake (0/4) Lair:2          Orc (0/2) D:9
 Bailey (visited)

Altars:
Gozag
Hepliaklqana
Vehumet
Wu Jian
Xom
Zin
Beogh

Shops:
D:1 (   D:4 ([((   D:9 *   D:11 (

Portals:
Trove: D:10 (give 6 scrolls of fog)

Annotations:
Lair:3 Rupert


Innate Abilities, Weirdness & Mutations

You have a pair of large horns on your head.
You are partially covered in thin metallic scales. (AC +2)
A meltable shield of frost defends you. (SH +0)
Your muscles are strong. (Str +2)


Message History

Rupert is heavily wounded.
Rupert roars wildly at you.
You are confused.
Rupert struggles against the net.
The net rips apart, and Rupert comes free!
You feel better.
You feel yourself speed up. Rupert barely misses you.
A cane toad comes into view.
You hit Rupert. You burn Rupert. You headbutt Rupert!
Rupert is severely wounded.
Rupert hits you with a +5 great sword of flaming!
Your condensation shield dissipates!
Rupert burns you.
You hit Rupert. You burn Rupert. You headbutt Rupert.
Rupert is severely wounded.
Rupert roars wildly at you.
You suddenly lose the ability to move!
The cane toad stings you!
You are poisoned.
The cane toad poisons you!
Rupert hits you with a +5 great sword of flaming!
Rupert burns you.
You feel very sick. The cane toad stings you.
Rupert hits you with a +5 great sword of flaming!
Rupert burns you.
You feel very sick.
The cane toad stings you but does no damage.
Rupert yells loudly at you.
You shrug off the repeated paralysis!
The cane toad stings you!
* * * LOW HITPOINT WARNING * * *
You are lethally poisoned!
The cane toad poisons you!
* * * LOW HITPOINT WARNING * * *
You feel extremely sick. The cane toad stings you!
* * * LOW HITPOINT WARNING * * *
Rupert hits you with a +5 great sword of flaming!
You die...
Your body crumbles into a pile of gold.

### ##....## #.####...#..#
#(..###P#...## # ##.## #
#....# # #..# ##...## #.##
#.....### ....# ##..#
#.......# ..... ##..##
#...##... .... ##@...#
###..P##...
...##F@..####.....###.. .....
#...............####.. ......
#...........##...##...
.......##..(...####.###.......
........##......###.# ##......
........##..##.....####.......
...........###......##........
....P.......###...P#.....#..##


You could see Rupert (very poisoned) and a cane toad.

Vanquished Creatures
  A boulder beetle (D:10)
  2 hydras
  2 two-headed ogres (D:10)
  A catoblepas (Lair:1)
  A bog body (Lair:2)
  Pikel (D:3)
  A lindwurm (Lair:3)
  The ghost of AigisTheKnight the Magician, a novice DrAE of Vehumet (D:7)
  An oklob plant (Lair:3)
  An elephant (Lair:1)
  9 centaur zombies
  A black mamba (Lair:3)
  An unseen horror (D:10)
  2 cane toads
  A kobold demonologist (D:7)
  A rime drake (Lair:1)
  8 komodo dragons
  A troll (D:11)
  A queen bee (Lair:1)
  2 polar bears (Lair:2)
  8 blink frogs
  A meliai zombie (D:11)
  A wraith (D:10)
  10 yaks
  5 wyverns
  A basilisk (Lair:3)
  Grum (Lair:1)
  2 steam dragons
  A naga (Lair:2)
  8 water moccasins
  18 orc warriors
  2 black bears
  3 sky beasts (D:6)
  3 necrophages
  2 ogres
  6 wolves
  14 centaurs
  3 lemures (D:4)
  2 phantoms (D:5)
  2 kobold brigands
  3 scorpions
  6 bullfrogs
  2 wyvern skeletons
  36 killer bees
  3 wights
  7 howler monkeys
  An electric eel (Lair:1)
  2 bullfrog skeletons (D:6)
  3 orc priests
  A bullfrog zombie (D:6)
  A gnoll shaman (D:9)
  3 centaur skeletons
  2 hounds
  A jelly (D:5)
  3 iguanas
  6 orc wizards
  A killer bee zombie (D:7)
  2 howler monkey skeletons
  5 adders
  4 gnolls
  A white imp (D:7)
  An adder skeleton (D:2)
  2 worms
  4 dart slugs
  49 orcs
  7 endoplasms
  5 giant cockroaches
  9 goblins
  6 hobgoblins
  9 jackals
  A quokka (D:2)
  5 ball pythons
  5 bats
  3 frilled lizards
  13 kobolds
  7 rats
351 creatures vanquished.

Vanquished Creatures (others)
  A bush (Lair:3)
  15 fungi
  32 plants
  10 toadstools (Lair:1)
58 creatures vanquished.

Grand Total: 409 creatures vanquished

Notes
Turn   | Place    | Note
-------+----------+-------------------------------------------
     0 | D:1      | flotson the Demonspawn Gladiator began the quest for the
                  | Orb.
     0 | D:1      | Reached XP level 1. HP: 16/16 MP: 1/1
   350 | D:1      | Gained mutation: You have a pair of small horns on your
                  | head. [demonic ancestry]
   350 | D:1      | Reached XP level 2. HP: 22/22 MP: 2/2
   394 | D:1      | Found Gaohuim's Weapon Shop.
   710 | D:1      | Reached skill level 1 in Armour
   771 | D:1      | Reached XP level 3. HP: 28/28 MP: 3/3
  1291 | D:2      | Reached XP level 4. HP: 34/34 MP: 4/4
  1906 | D:3      | Found a faded altar of an unknown god.
  1912 | D:3      | Reached skill level 3 in Fighting
  2351 | D:4      | Noticed a lemure
  2352 | D:4      | Noticed Pikel
  2353 | D:4      | Noticed a lemure
  2354 | D:4      | Noticed a lemure
  2381 | D:4      | Reached XP level 5. HP: 41/41 MP: 5/5
  2396 | D:4      | Noticed a lemure
  3075 | D:5      | Entered Level 5 of the Dungeon
  3171 | D:5      | Noticed a phantom
  3181 | D:5      | Killed a phantom
  3290 | D:5      | Noticed a phantom
  3305 | D:5      | Killed a phantom
  3306 | D:5      | Gained mutation: You are partially covered in thin metallic
                  | scales. (AC +2) [demonic ancestry]
  3306 | D:5      | Reached XP level 6. HP: 44/48 MP: 6/6
  3536 | D:5      | Found a radiant altar of Vehumet.
  3561 | D:5      | HP: 2/48 [centaur warrior zombie (1)]
  3563 | D:5      | Reached skill level 4 in Fighting
  3563 | D:5      | Reached XP level 7. HP: 3/55 MP: 7/7
  3881 | D:5      | Found an opulent altar of Gozag.
  3887 | D:5      | Became a worshipper of Gozag Ym Sagoz the Greedy
  4818 | D:6      | Reached skill level 5 in Fighting
  4818 | D:6      | Reached skill level 5 in Dodging
  4818 | D:6      | Gained mutation: A meltable shield of frost defends you.
                  | (SH +0) [demonic ancestry]
  4818 | D:6      | Reached XP level 8. HP: 53/62 MP: 8/8
  4926 | D:6      | Found a staircase to the Ecumenical Temple.
  5629 | D:6      | Reached skill level 5 in Throwing
  5773 | D:6      | Reached skill level 1 in Evocations
  6813 | D:4      | Found an ornate altar of the Wu Jian Council.
  6818 | D:4      | Found a shimmering altar of Xom.
  6898 | D:4      | Found Zihoid Dell's Antique Armour Shop.
  6899 | D:4      | Found Xubuumib's Weapon Shop.
  6902 | D:4      | Found Saig's Weapon Shop.
  6903 | D:4      | Found Deotz's Antique Weapon Shop.
  6910 | D:4      | Bought a tower shield for 121 gold pieces
  7062 | D:3      | Killed Pikel
  7063 | D:3      | Reached skill level 6 in Fighting
  7063 | D:3      | Reached skill level 5 in Armour
  7063 | D:3      | Reached skill level 1 in Shields
  7063 | D:3      | Reached XP level 9. HP: 22/69 MP: 9/9
  7425 | D:3      | Found a faded altar of an unknown god.
  7664 | D:7      | Found a hazy altar of Hepliaklqana.
  7921 | D:7      | Found a transporter.
  7921 | D:7      | Noticed a four-headed hydra
  7924 | D:7      | Found a transporter.
  7924 | D:7      | Noticed AigisTheKnight's ghost (novice DrAE)
  7924 | D:7      | Noticed a kobold demonologist
 10804 | D:4      | Bought the +8 flail "Oxuis" {flame, Dex+2} for 575 gold
                  | pieces
 11027 | D:9      | Found Zin's Purification Station.
 11400 | D:9      | Reached XP level 10. HP: 53/77 MP: 10/10
 11781 | D:9      | Found a staircase to the Orcish Mines.
 12258 | D:10     | Entered Level 10 of the Dungeon
 12298 | D:10     | Reached skill level 7 in Fighting
 12900 | D:10     | Found a flagged portal.
 12909 | Bailey   | Entered a bailey
 15231 | Bailey   | Identified the +1 ring mail of Bad Feelings {Harm rCorr
                  | Dex+2}
 15604 | D:10     | Reached skill level 5 in Evocations
 15611 | D:10     | Reached skill level 5 in Maces & Flails
 15641 | D:10     | Found a portal to a secret trove of treasure.
 15882 | D:11     | Gained mutation: You have a pair of horns on your head.
                  | [demonic ancestry]
 15882 | D:11     | Reached XP level 11. HP: 77/85 MP: 11/11
 15926 | D:11     | Noticed a two-headed ogre
 15957 | D:11     | Noticed a two-headed ogre
 15965 | D:11     | Noticed a boulder beetle
 15980 | D:10     | Killed a two-headed ogre
 16385 | D:11     | Found a staircase to the Lair.
 16413 | D:11     | Found Anayce Louz's Antique Weapon Shoppe.
 16676 | D:11     | Reached skill level 8 in Fighting
 16916 | D:10     | Killed a two-headed ogre
 17134 | D:10     | Killed a boulder beetle
 18062 | Lair:1   | Entered Level 1 of the Lair of Beasts
 18197 | Lair:1   | Noticed Grum
 19138 | D:7      | Killed a four-headed hydra
 19139 | D:7      | Reached skill level 5 in Shields
 19466 | D:7      | Gained mutation: You are frail. (-10% HP) [a neqoxec]
 19552 | D:7      | Killed AigisTheKnight's ghost
 19790 | D:7      | Upgraded the game from 0.28-a0-1235-g7c8fac35f0 to
                  | 0.28-a0-1236-gb25a51b929
 21135 | Lair:1   | Killed Grum
 21136 | Lair:1   | Reached XP level 12. HP: 64/84 MP: 12/12
 21901 | Lair:1   | Noticed a dire elephant
 21901 | Lair:1   | Noticed a catoblepas
 21921 | Lair:1   | Found a runed translucent door.
 22630 | Lair:1   | Killed a catoblepas
 23794 | Lair:2   | Found a staircase to the Snake Pit.
 23801 | Lair:2   | Reached skill level 9 in Fighting
 24447 | Lair:2   | Found a staircase to the Swamp.
 25328 | Lair:3   | Noticed Rupert
 25866 | Lair:3   | Lost mutation: You are frail. (-10% HP) [potion of
                  | mutation]
 25866 | Lair:3   | Gained mutation: Your muscles are strong. (Str +2) [potion
                  | of mutation]
 25866 | Lair:3   | Gained mutation: You have a pair of large horns on your
                  | head. [potion of mutation]
 26158 | Lair:3   | Noticed a six-headed hydra
 26165 | Lair:3   | Killed a six-headed hydra
 26735 | Lair:3   | Paralysed by Rupert for 6 turns
 26739 | Lair:3   | HP: 2/96 [cane toad (15)]
 26739 | Lair:3   | Mangled by Rupert

Illustrated notes

Levels and vault maps discovered:
D:1:      scummos_arrival_simple_fountains, layout_rooms, serial_shops, shop
D:2:      layout_loops_ring
D:3:      layout_rooms, ebering_ecumenical_altar_sacrificial
D:4:      layout_cave_pools, minitemple, minmay_shop_grid_forest, uniq_pikel
D:5:      layout_basic, mainiacjoe_overflow_alcove_2, vehumet_altar_wand_db
D:6:      layout_loops_corners, minmay_temple_entry_sparse_star
D:7:      layout_gridville, nicolae_overflow_crystal_walls,
          gammafunk_ghost_arena
D:8:      layout_loops_corners, special_room [special_room_orc],
          nicolae_benzene_ring
D:9:      layout_long_grid, zin_purify, minmay_orc_entry_temple_small
D:10:     layout_basic, nicolae_trove_entry_isolated, enter_bailey_2
D:11:     layout_cave_pools, lair_entry_dummy, serial_shops, shop_fountains
Lair:1:   gammafunk_lair_enchanted_lake, layout_loops_ring, special_room
          [special_room_bee], grunt_forest_small_clearings, st_stairs_3,
          uniq_grum
Lair:2:   layout_regular_city, skrybe_swamp_entry_bodies,
          guppyfry_snake_entry_garden, serial_bayou_shore_b
Lair:3:   layout_layer_cave, serial_bayou_pond_e, minmay_lair_oklob_items,
          disabler_island, uniq_rupert

Skill      XL: |  1  2  3  4  5  6  7  8  9 10 11 12 |
---------------+-------------------------------------+-----
Throwing       | 2 3 4 5 6 7 8 |  8.6
Dodging        | 3 4 5 6 7 8 |  8.9
Armour         | 1 2 3 4 5 6 7 8 |  8.3
Fighting       | 3 4 5 6 7 8 9 |  9.4
Evocations     | 2 3 5 6 7 |  7.5
Maces & Flails | 3 4 5 6 7 |  7.2
Shields        | 1 2 4 5 6 |  6.4

Action                   |  1- 3 |  4- 6 |  7- 9 | 10-12 || total
-------------------------+-------+-------+-------+-------++-------
Melee: Flail             |   118 |    61 |   250 |   650 ||  1079
       Headbutt          |    15 |    16 |   125 |   152 ||   308
       Whip              |       |       |   145 |       ||   145
       Morningstar       |       |       |    90 |       ||    90
       Trident           |       |       |       |    25 ||    25
 Fire: Hunting sling     |    16 |    89 |    42 |   221 ||   368
Throw: Dart              |       |     5 |     4 |    25 ||    34
       Throwing net      |       |     3 |       |     4 ||     7
       Boomerang         |       |       |       |    21 ||    21
       Javelin           |       |       |       |    13 ||    13
Evoke: Wand              |       |       |       |     4 ||     4
  Use: Scroll            |       |       |       |    19 ||    19
       Potion            |       |       |       |     5 ||     5
 Stab: Distracted        |       |       |       |     4 ||     4
Armor: Ring mail         |    71 |    52 |   114 |       ||   237
       Chain mail        |       |       |    47 |   435 ||   482
Dodge: Dodged            |   110 |    83 |   234 |   555 ||   982
Block: Other             |       |       |    19 |       ||    19
       Tower shield      |       |       |   248 |  1044 ||  1292

Table legend: (Time is in decaauts)
 A = Elapsed time spent in this place.
 B = Non-inter-level travel time spent in this place.
 C = Inter-level travel time spent in this place.
 D = Time resting spent in this place.
 E = Time spent auto-exploring this place.
 F = Levels seen in this place.
 G = Mean time per level.
                   A        B        C        D        E       F      G
               +--------+--------+--------+--------+--------+-----+--------+
         Total |  27555 |  26057 |   1498 |   1993 |  18394 |  15 | 1837.0 |
       Dungeon |  19444 |  18106 |   1338 |   1172 |  12943 |  11 | 1767.6 |
          Lair |   5458 |   5299 |    159 |    103 |   4362 |   3 | 1819.3 |
        Bailey |   2652 |   2652 |      0 |    718 |   1088 |   1 | 2652.0 |
               +--------+--------+--------+--------+--------+-----+--------+

Top non-repeatable levels by time:
    D:11: 3080 daAuts
    D:10: 2989 daAuts
  Bailey: 2652 daAuts
     D:7: 2191 daAuts
  Lair:1: 2069 daAuts
     D:6: 2018 daAuts
  Lair:3: 1875 daAuts
     D:5: 1791 daAuts
     D:8: 1689 daAuts
  Lair:2: 1512 daAuts
     D:3: 1388 daAuts
     D:9: 1318 daAuts
     D:2: 1126 daAuts
     D:1: 1006 daAuts
     D:4: 844 daAuts
